Workbook
Name \I: #REF!
Name \I: #REF!
Name \I: #REF!
Name \p: #N/A
Name \S: #REF!
Name \S: #REF!
Name \S: #REF!
Name ___INDEX_SHEET___ASAP_Utilities: #REF!
Name ___INDEX_SHEET___ASAP_Utilities: #REF!
Name _1: #REF!
Name _1: #REF!
Name _1: #REF!
Name _1_Oct_96: #REF!
Name _1_Oct_96: #REF!
Name _10_Oct_96: #REF!
Name _10_Oct_96: #REF!
Name _11Emp_Detail: #REF!
Name _11Emp_Detail: #REF!
Name _12_Sep_96: #REF!
Name _12_Sep_96: #REF!
Name _13_Sep_96: #REF!
Name _13_Sep_96: #REF!
Name _18_Sep_96: #REF!
Name _18_Sep_96: #REF!
Name _19_Sep_96: #REF!
Name _19_Sep_96: #REF!
Name _2: #REF!
Name _2: #REF!
Name _2_SUM_OF_USAGE: #REF!
Name _2_SUM_OF_USAGE: #REF!
Name _25_Oct_96: #REF!
Name _25_Oct_96: #REF!
Name _25_Sep_96: #REF!
Name _25_Sep_96: #REF!
Name _26_Sep_96: #REF!
Name _26_Sep_96: #REF!
Name _6: #REF!
Name _6: #REF!
Name _7_Oct_96: #REF!
Name _7_Oct_96: #REF!
Name _8: #REF!
Name _8: #REF!
Name _8_Oct_96: #REF!
Name _8_Oct_96: #REF!
Name _A16484: #REF!
Name _A16484: #REF!
Name _BTM150: #REF!
Name _BTM150: #REF!
Name _BTM200: #REF!
Name _BTM200: #REF!
Name _BTM50: #REF!
Name _BTM50: #REF!
Name _C: #REF!
Name _C: #REF!
Name _cap2: #REF!
Name _cap2: #REF!
Name _CON1: #REF!
Name _CON1: #REF!
Name _CON2: #REF!
Name _CON2: #REF!

Sheet FS & NOTES
A1: ABC PRIVATE LIMITED
A2: Address
A3: CIN : U85110KL2016PTC040443
A5: BALANCE SHEET AS AT 31.03.2025
A7: Particulars | B7: Notes | D7: Current Year | E7: Previous Year
D8: Amount (Rs. in thousands)
A9: I. EQUITY AND LIABILITIES
A11: (1) Shareholders' Funds
A12: (a) Share Capital | B12: 3
A13: (b) Reserves and Surplus | B13: =B12+1 -> 4
A15: (2) Non-Current Liabilities
A16: (a) Deferred Tax Liability
A18: (3) Current Liabilities
A19: (a) Trade Payables | B19: 5
A20: (b) Other Current Liabilities | B20: =+B19+1 -> 6
A21: (c) Short Term Provisions | B21: =B20+1 -> 7
A24: II. ASSETS
A26: (1) Non-Current Assets
A27: (a) Property, Plant & Equipment and Intangible assets
A28: (i) Property, Plant & Equipment | B28: =B21+1 -> 8
A29: (b) Non-current Investments | B29: =B28+1 -> 9
A30: (c) Defered Tax Asset
A31: (d) Long Term Loans and Advances | B31: 10
A33: (2) Current Assets
A34: (a) Trade Receivables | B34: =B31+1 -> 11
A35: (b) Cash and Cash Equivalents | B35: =B34+1 -> 12
A36: (c) Other Current Assets | B36: =B35+1 -> 13
A40: The accompanying notes form integral part of financial statements
A42: For and on behalf of the Board of Directors | E42: As per our report of even date attached
E45: Chartered Accountants
A50: Chairman | B50: Director | E50: Partner
D51: M No:
A53: PLACE : Cochin
A54: DATE : 06.06.2025
A56: =A1 -> ABC PRIVATE LIMITED
A57: =A2 -> Address
A58: =A3 -> CIN : U85110KL2016PTC040443
A60: Profit and Loss Statement for the year ended 31st March, 2025
A62: Particulars | B62: Notes | D62: =D7 -> Current Year | E62: Previous Year
D63: =D8 -> Amount (Rs. in thousands)
A64: I. Revenue
A65: Revenue from operations | B65: =+B36+1 -> 14
A66: Other Income | B66: =B65+1 -> 15
A67: Total Income | D67: =SUM(D65:D66) -> 0 | E67: =SUM(E65:E66) -> 0
A69: II. Expenses:
A70: Operating Expenses | B70: =B66+1 -> 16
A71: Employee Benefits | B71: =B70+1 -> 17
A72: Depreciation and amortization expense | B72: 8
A73: Other expenses | B73: 18
A74: Total Expenses | I74: =D74-D72 -> 0
A76: III. Profit before exceptional and extraordinary items and tax | C76: (I - II) | D76: =D67-D74 -> 0 | E76: =E67-E74 -> 0
E77: 0
A78: IV.Exceptional/Extraordinary Items : | D78: 0 | E78: 0
A80: V. Profit before tax | C80: (III - IV) | D80: =D76 -> 0 | E80: =E76 -> 0
A82: VI. Tax expense - Current Tax
A83: Deferred Tax
A84: XI. Profit for the year | C84: (VII + X)
A86: XII. Earning Per Equity Share - Basic & Diluted
A88: The accompanying notes form integral part of financial statements
A90: =A42 -> For and on behalf of the Board of Directors | E90: As per our report of even date attached
E92: =E44 -> 0
E93: Chartered Accountants
E97: =E49 -> 0
A98: =A50 -> Chairman | B98: =B50 -> Director | E98: =E50 -> Partner
E99: =D51 -> M No:
A101: =A53 -> PLACE : Cochin
A102: =+A54 -> DATE : 06.06.2025
A104: =A1 -> ABC PRIVATE LIMITED
A105: =A2 -> Address
A107: NOTES ON FINANCIAL STATEMENTS
A109: 1.Background
A110: ABC Private Limited was incorporated on 24th March 2016. The company is rendering ---------------
A112: 2.Significant Accounting Policies
A113: The significant Accounting Policies followed by the company are as stated below:
A115: General
A116: The financial statements are prepared under historical cost convention. These statements have been prepared in accordance with applicable mandatory Accounting Standards and relevant presentational requirements of The Companies Act, 2013.The company is a Small and Medium Company as defined under the Companies (Accounting Standards) Rules, 2021 and accordingly has complied with the Accounting Standards applicable to Small and Medium Companies only.
A118: Use of Estimates
A119: The preparation of financial statements in conformity with the Indian Generally Accepted Accounting Principal (GAAP) requires the management to make estimates and assumptions that affect the reported amounts of assets and liabilities, the disclosure of contingent liabilities on the date of the financial statements and reported amount of income and expenses during the period. Actual figures may differ from these estimates. Any revision to accounting estimates is recognised prospectively in current and future periods.
A121: Property, Plant and Equipment
A122: Property, Plant and Equipment are stated at historical cost less accumulated depreciation. Costs directly attributable to acquisition are capitalised until the property, plant and equipment are ready for use, as intended by the management.
A123: Subsequent expenditures relating to property, plant and equipment are capitalised only when it is probable that future economic benefits associated with them will flow to the Company and the cost of the expenditure can be measured reliably. Repairs and Maintenance costs are recognised in the Statement of Profit and Loss when they are incurred.
... A128: The management estimates the useful life of the assets as follows:
A129: Ultrasound Machines | B129: 13 Years
A130: Other Medical Equipments | B130: 15 Years
A131: Furniture & Fittings | B131: 10 Years
A132: Laptop & Accessories | B132: 3 Years
A134: Investments
A135: Investments in Mutual Funds being long term are stated at cost
A137: Revenue Recognition
A138: Income from Consultancy is recognised on the completion of agreed services.
A139: Income from Research Contributions is recognised on getting the required approvals.
A140: Interest Income is recognised on time proportion Basis.
A142: Employee Benefits
A143: a. Short term employee benefits such as salaries, wages, bonus and incentives which fall due within 12 months of the period in which the employee renders the related services which entitles him to avail such benefits are recognised on an undiscounted basis and charged to the profit and loss account.
A144: b. Defined Contribution Plans - The Company is not statutarily required to contribute to Employee State Insurance Corporation.
A145: c. Defined Benefit Plans - The Company is not statutorily required to contribute to any such plans.
A147: Taxes on Income
A148: Income tax expense comprises current tax and deferred tax charge or credit. The current tax is determined as the amount of tax payable in respect of the estimated taxable income of the period. The deferred tax charge or credit is recognised using prevailing enacted or substantively enacted tax rates. Where there are unabsorbed depreciation or carry forward losses, deferred tax asset is recognised only if there is virtual certainty of realisation of such assets. Other deferred tax assets are recognised only to the extent there is reasonable certainty of realisation in future. Deferred tax assets are reviewed at each Balance Sheet date based on the developments during the year and available case laws, to reassess realisation/liabilities.
... A154: The company creates a provision when there is a present obligation as a result of past event that probably requires an outflow of resources and a reliable estimate can be made of the amount of obligation. A disclosure for a contingent liability is made when there is a possible obligation that may, but probably will not, require an outflow of resources. When there is a possible obligation or a present obligation in respect of which the likelihood of outflow of resources is remote, no provision or disclosure is made. Contingent assets are neither recognised nor disclosed in the financial statements.
D155: Current Year | E155: Previous Year
...

Sheet Ageing
A1: Trade Payable ageing schedule:
A2: As on 31 March 2025: | H2: Rs in Thousands
A3: Particulars | B3: Outstanding for following period from due date of payment | H3: Total
B4: Unbilled | C4: Not Due | D4: Less than 1 Year | E4: 1-2 years | F4: 2-3 years | G4: More than 3 years | J4: AS 29 states that trade payables are liabilities to pay for goods or services
A5: (i) MSME | B5: 0 | C5: 0 | D5: 0 | E5: 0 | F5: 0 | G5: 0 | H5: =SUM(B5:G5) -> 0 | J5: that have been received or supplied and have been invoiced or formally
A6: (ii) Others | B6: =#REF! -> #REF! | C6: 0 | D6: 6834604 | F6: 0 | G6: 0 | H6: =SUM(B6:G6) -> #REF! | J6: agreed with the supplier
A7: (iii) Disputed dues - MSME | B7: 0 | C7: 0 | D7: 0 | E7: 0 | F7: 0 | G7: 0 | H7: =SUM(B7:G7) -> 0
A8: (iv) Disputed dues -Others | B8: 0 | C8: 0 | D8: 0 | E8: 0 | F8: 0 | G8: 0 | H8: =SUM(B8:G8) -> 0
A9: Total | B9: =SUM(B5:B8) -> #REF! | C9: =SUM(C5:C8) -> 0 | D9: =SUM(D5:D8) -> 6834604 | E9: =SUM(E5:E8) -> 0 | F9: =SUM(F5:F8) -> 0 | G9: =SUM(G5:G8) -> 0 | H9: =SUM(H5:H8) -> #REF!
A11: As on 31 March 2024: | H11: Rs in Thousands
A12: Particulars | B12: Outstanding for following period from due date of payment | H12: Total
B13: Unbilled | C13: Not Due | D13: Less than 1 Year | E13: 1-2 years | F13: 2-3 years | G13: More than 3 years
A14: (i) MSME | B14: 0 | C14: 0 | D14: 0 | E14: 0 | F14: 0 | G14: 0 | H14: =SUM(B14:G14) -> 0
A15: (ii) Others | C15: 0 | D15: 7358645 | E15: 0 | F15: 0 | G15: 0 | H15: =SUM(B15:G15) -> 7358645
A16: (iii) Disputed dues - MSME | B16: 0 | C16: 0 | D16: 0 | E16: 0 | F16: 0 | G16: 0 | H16: =SUM(B16:G16) -> 0
A17: (iv) Disputed dues -Others | B17: 0 | C17: 0 | D17: 0 | E17: 0 | F17: 0 | G17: 0 | H17: =SUM(B17:G17) -> 0
A18: Total | B18: =SUM(B14:B17) -> 0 | C18: =SUM(C14:C17) -> 0 | D18: =SUM(D14:D17) -> 7358645 | E18: =SUM(E14:E17) -> 0 | F18: =SUM(F14:F17) -> 0 | G18: =SUM(G14:G17) -> 0 | H18: =SUM(H14:H17) -> 7358645
A22: Trade Receivable ageing schedule:
A23: As on 31 March 2025: | I23: Rs in Thousands
A24: Particulars | B24: Outstanding for following period from due date of payment | I24: Total
B25: Unbilled | C25: Not Due | D25: Less than 6 months | E25: 6 months - 1 year | F25: 1-2 years | G25: 2-3 years | H25: More than 3 years
A26: (i) Undisputed Trade Receivables - Considered good | B26: 0 | C26: 0 | D26: =#REF! -> #REF! | E26: 0 | F26: 0 | G26: 0 | H26: 0 | I26: =D26 -> #REF!
A27: (ii) Undisputed Trade Receivables - Considered doubtful | B27: 0 | C27: 0 | E27: 0 | F27: 0 | G27: 0 | H27: 0 | I27: =B27+C27+D27+E27+F27+G27+H27 -> 0
A28: (iii) Disputed Trade Receivables - Considered Good | B28: 0 | C28: 0 | D28: 0 | E28: 0 | F28: 0 | G28: 0 | H28: 0 | I28: =B28+C28+D28+E28+F28+G28+H28 -> 0
A29: (iv) Disputed Trade Receivables - Considered doubtful | B29: 0 | C29: 0 | D29: 0 | E29: 0 | F29: 0 | G29: 0 | H29: 0 | I29: =B29+C29+D29+E29+F29+G29+H29 -> 0
A30: Total | B30: =SUM(B26:B29) -> 0 | C30: =SUM(C26:C29) -> 0 | D30: =SUM(D26:D29) -> #REF! | E30: =SUM(E26:E29) -> 0 | F30: =SUM(F26:F29) -> 0 | G30: =SUM(G26:G29) -> 0 | H30: =SUM(H26:H29) -> 0 | I30: =SUM(B30:H30) -> #REF!
A32: As on 31 March 2024: | I32: Rs in Thousands
A33: Particulars | B33: Outstanding for following period from due date of payment | I33: Total
B34: Unbilled | C34: Not Due | D34: Less than 6 months | E34: 6 months - 1 year | F34: 1-2 years | G34: 2-3 years | H34: More than 3 years
A35: (i) Undisputed Trade Receivables - Considered good | B35: 0 | C35: 0 | D35: 10845524 | E35: 0 | F35: 0 | G35: 0 | H35: 0 | I35: =B35+C35+D35+E35+F35+G35+H35 -> 10845524
A36: (ii) Undisputed Trade Receivables - Considered doubtful | B36: 0 | C36: 0 | E36: 0 | F36: 0 | G36: 0 | H36: 0 | I36: =B36+C36+D36+E36+F36+G36+H36 -> 0
A37: (iii) Disputed Trade Receivables - Considered Good | B37: 0 | C37: 0 | D37: 0 | E37: 0 | F37: 0 | G37: 0 | H37: 0 | I37: =B37+C37+D37+E37+F37+G37+H37 -> 0
A38: (iv) Disputed Trade Receivables - Considered doubtful | B38: 0 | C38: 0 | D38: 0 | E38: 0 | F38: 0 | G38: 0 | H38: 0 | I38: =B38+C38+D38+E38+F38+G38+H38 -> 0
A39: Total | B39: =SUM(B35:B38) -> 0 | C39: =SUM(C35:C38) -> 0 | D39: =SUM(D35:D38) -> 10845524 | E39: =SUM(E35:E38) -> 0 | F39: =SUM(F35:F38) -> 0 | G39: =SUM(G35:G38) -> 0 | H39: =SUM(H35:H38) -> 0 | I39: =SUM(B39:H39) -> 10845524

Sheet PPE
B2: Cost | G2: Depreciation | K2: Net Carrying Amount
B3: As at | C3: Additions | D3: Deletions | E3: Revaluation | F3: As at | G3: Upto | H3: For the | I3: Revaluation | J3: Upto | K3: As at | L3: As at
B4: 01.04.2024 | F4: 31.03.2025 | G4: 31.03.2024 | H4: Year | J4: 31.03.2025 | K4: 31.03.2025 | L4: 31.03.2024
A5: 8. PROPERTY, PLANT & EQUIPMENT
A7: 1. Land | B7: 107815329 | C7: 0 | D7: 0 | F7: =B7+C7-D7+E7 -> 107815329 | G7: 0 | H7: 0 | J7: 0 | K7: =F7 -> 107815329 | L7: 107815329 | M7: 0 | N7: =L7*100 -> 10781532900
A9: 2. Endoscopoy Machine | B9: 3917974 | C9: 0 | D9: 0 | F9: =B9+C9-D9+E9 -> 3917974 | G9: 1611223.3 | H9: =#REF! -> #REF! | J9: =G9+H9+I9 -> #REF! | K9: =F9-J9 -> #REF! | L9: =F9-G9 -> 2306750.7 | M9: =J9*1000 -> #REF! | N9: =K9*1000 -> #REF!
B10: 0 | F10: =B10+C10-D10+E10 -> 0 | M10: =J10*1000 -> 0 | N10: =K10*1000 -> 0
A11: 3. Endo Washer | B11: 400000 | C11: 0 | D11: 0 | F11: =B11+C11-D11+E11 -> 400000 | G11: 154289 | H11: =#REF! -> #REF! | J11: =G11+H11+I11 -> #REF! | K11: =F11-J11 -> #REF! | L11: =F11-G11 -> 245711 | M11: =J11*1000 -> #REF! | N11: =K11*1000 -> #REF!
M12: =J12*1000 -> 0 | N12: =K12*1000 -> 0
A13: 4. Other Equipments | B13: 450150 | C13: 0 | D13: 0 | F13: =B13+C13-D13+E13 -> 450150 | G13: 179603.03 | H13: =SUM(#REF!) -> #REF! | J13: =G13+H13+I13 -> #REF! | K13: =F13-J13 -> #REF! | L13: =F13-G13 -> 270546.97 | M13: =J13*1000 -> #REF! | N13: =K13*1000 -> #REF!
M14: =J14*1000 -> 0 | N14: =K14*1000 -> 0
A15: 5. Laptops/Accessories | B15: 526090 | C15: 0 | D15: 0 | F15: =B15+C15-D15+E15 -> 526090 | G15: 382714.82 | H15: =#REF!+#REF! -> #REF! | J15: =G15+H15+I15 -> #REF! | K15: =F15-J15 -> #REF! | L15: =F15-G15 -> 143375.18 | M15: =J15*1000 -> #REF! | N15: =K15*1000 -> #REF!
M16: =J16*1000 -> 0 | N16: =K16*1000 -> 0
M17: =J17*1000 -> 0 | N17: =K17*1000 -> 0
A18: TOTAL | B18: =SUM(B7:B17) -> 113109543 | C18: =SUM(C7:C17) -> 0 | D18: =SUM(D7:D17) -> 0 | E18: =SUM(E7:E17) -> 0 | F18: =SUM(F7:F17) -> 113109543 | G18: =G9+G11+G13+G15 -> 2327830.1 | H18: =SUM(H7:H17) -> #REF! | I18: =SUM(I7:I17) -> 0 | J18: =J9+J11+J13+J15 -> #REF! | K18: =SUM(K7:K17) -> #REF! | L18: =SUM(L7:L17) -> 1.1078171e+08 | M18: =J18*1000 -> #REF! | N18: =K18*1000 -> #REF!
M19: =J19*1000 -> 0 | N19: =K19*1000 -> 0
M20: =J20*1000 -> 0 | N20: =K20*1000 -> 0
A21: Note: a) The Property, Plant & Equipment & Intangible assets have not been revalued during the year | M21: =J21*1000 -> 0
A22: b) All the immovable properties listed above are held in the name of the Company.
A23: c)There are no proceedings against the company under the Benami Transactions (Prohibition) Act, 1988
A26: 12. INTANGIBLE ASSETS | F26: =L18-1200000 -> 1.0958171e+08 | K26: =#REF!+#REF! -> #REF!
F27: =F26-D18 -> 1.0958171e+08 | H27: =F18-J27 -> #REF! | J27: =J18-#REF!-#REF!-#REF!-#REF! -> #REF! | K27: =#REF!-#REF!+PPE!H18 -> #REF!
A28: 1 | F28: 1729795 | H28: =L18-H18 -> #REF! | J28: =J27-H18 -> #REF! | K28: =H18 -> #REF!
F29: =F27+F28 -> 1.1131151e+08 | J29: =J28-2466888 -> #REF! | K29: =K27-K28 -> #REF! | L29: =K18-K29 -> #REF!

Sheet AS 22
B2: Deferred Tax Calculation
B3: Item | C3: DTA/(DTL)(op) | D3: DTA | E3: DTL | F3: DTA/(DTL)(Cl)
B4: Depreciation | C4: -242670.75 | D4: =C13 -> #REF! | E4: 0 | F4: =C12 -> #REF! | H4: =C4+E4 -> -242670.75
C5: =SUM(C4) -> -242670.75 | D5: =SUM(D4) -> #REF! | E5: =SUM(E4) -> 0 | F5: =SUM(F4:F4) -> #REF! | H5: DR | K5: CR
B8: Deffered tax Calculation
B9: WDV as per Income Tax Act | C9: =#REF! -> #REF!
B10: WDV as per Companies Act | C10: =PPE!K18-PPE!K7 -> #REF!
B11: Difference | C11: =C10-C9 -> #REF! | H11: DTA | I11: =C13 -> #REF!
B12: Closing DTA should be | C12: =C11*25.168% -> #REF! | H12: To Deferred Tax | J12: =I11 -> #REF!
B13: Difference | C13: =C12-C4 -> #REF!
B16: *The DTA/(DTL) have been calculated on 25.168% as opposed to 26% in the Prv Years since we have opted for 115BAA.
